 Dungeon Crawl Stone Soup version 0.29.1-1-gd02db6906a (webtiles) character file.

Game seed: 18179006161314520168

512 sleeves the Vexing (level 6, -8/42 HPs)
             Began as a Vampire Arcane Marksman on Sept 24, 2022.
             Killed by nerve-wracking pain
             ... invoked by an orc priest
              (10 damage)
             ... on level 4 of the Dungeon.
             The game lasted 00:12:53 (3969 turns).

sleeves the Vexing (Vampire Arcane Marksman)        Turns: 3969, Time: 00:12:54

Health: -8/42      AC:  3    Str:  9 (11) XL:     6   Next: 99%
Magic:  16/16      EV: 11    Int: 15 (16) God:
Gold:   216        SH:  0    Dex: 10 (12) Spells: 2/7 levels left

rFire   . . .      SeeInvis +   b - +2 dagger (venom)
rCold   . . .      Faith    .   (no shield)
rNeg    . . .      Spirit   .   l - +0 leather armour
rPois   .          Reflect  .   (no helmet)
rElec   .          Harm     .   (no cloak)
rCorr   .          Rampage  .   (no gloves)
Will    .....      Clarity  +   (no boots)
Stlth   +.........              (no amulet)
HPRegen 0.34/turn               f - ring of magical power
MPRegen 0.15/turn               n - +4 ring of slaying

@: confused, mighty, flying, healing quickly
A: alive, fangs 3, see invisible, vampiric 2, large bone plates 1, clarity,
clumsy 1
a: Exsanguinate


You were on level 4 of the Dungeon.
You visited 1 branch of the dungeon, and saw 5 of its levels.

You collected 216 gold pieces.

Inventory:

Hand Weapons
 a - a +1 sling
 b - a +2 dagger of venom (weapon)
   (You took it off a goblin on level 3 of the Dungeon)
Armour
 l - a +0 leather armour (worn)
   (You took it off a hobgoblin on level 2 of the Dungeon)
Jewellery
 f - a ring of magical power (left hand)
   (You found it on level 1 of the Dungeon)
 k - a ring of resist corrosion
   (You found it on level 2 of the Dungeon)
 n - a +4 ring of slaying (right hand)
   (You found it on level 3 of the Dungeon)
 o - a +4 ring of protection
   (You found it on level 3 of the Dungeon)
 q - an amulet of faith
   (You found it on level 3 of the Dungeon)
Scrolls
 e - 8 scrolls of identify {unknown}
 i - 5 scrolls of poison
Potions
 h - 2 potions of flight
 r - a potion of mutation


   Skills:
 - Level 0.8 Fighting
 + Level 3.8 Short Blades
 - Level 1.5 Ranged Weapons
 - Level 2.1 Dodging
 + Level 6.7 Stealth
 - Level 1.0 Spellcasting
 + Level 7.8 Hexes


You had 2 spell levels left.
You knew the following spells:

 Your Spells              Type           Power      Damage    Failure   Level
a - Slow                  Hex            96%        N/A       1%          1
b - Cause Fear            Hex            12%        N/A       14%         4

Your spell library contained the following spells:

 Spells                   Type           Power      Damage    Failure   Level
 Static Discharge         Conj/Air       0%         3-3/arc   45%         2
 Inner Flame              Hex/Fire       12%        N/A       22%         3
 Portal Projectile        Hex/Tloc       24%        N/A       22%         3
 Dispel Undead            Necr           0%         3d6       98%         4
 Sticky Flame             Conj/Fire      0%         2d3       98%         4


Dungeon Overview and Level Annotations

Branches:
Dungeon (5/15)
 Temple: D:4-7

Altars:
Hepliaklqana

Shops:
D:1 *

Annotations:
D:2 Terence


Innate Abilities, Weirdness & Mutations

Your natural rate of healing is accelerated.
You have razor-sharp teeth.
You have supernaturally acute eyesight. (SInv)
You are afflicted with vampirism and can become a bat while bloodless.
You are partially covered in large bone plates. (SH +4)
You possess an exceptional clarity of mind.
You are clumsy. (Dex -2)


Message History

You feel sick.
You feel sick.
You feel sick.
You feel sick.
You feel sick.
You feel sick.
You are no longer poisoned.
You open the door.
An adder comes into view.
The adder bites you.
You are poisoned.
The adder poisons you!
An adder is nearby!
An adder is nearby!
You closely miss the adder. Your bite misses the adder.
You feel sick. The adder bites you but does no damage.
You closely miss the adder.
You feel sick. The adder bites you but does no damage.
You hit the adder but do no damage.
The adder is poisoned.
You feel sick. The adder barely misses you.
You hit the adder.
The adder looks as sick as possible!
The adder is heavily wounded.
You feel sick. The adder bites you.
You hit the adder but do no damage.
The adder is heavily wounded.
You feel sick.
You are no longer poisoned.
The adder bites you.
You are poisoned.
The adder poisons you!
You hit the adder.
The adder looks as sick as possible!
The adder is almost dead.
You feel sick.
You kill the adder!
No target in view!
No target in view!
You feel sick.
You feel sick.
You feel sick.
You are no longer poisoned.
There is an open door, spattered with blood here.
You see here an adder corpse.
You open the door.
There is an open door here.
As you open the door, it creaks loudly!
An adder comes into view.
An adder is nearby!
The adder closely misses you. The adder completely misses you.
There is an open door here.
You hit the adder.
The adder is poisoned.
The adder is lightly wounded.
The adder bites you but does no damage.
You barely miss the adder.
The adder is lightly wounded.
The adder bites you but does no damage.
You hit the adder.
The adder is severely wounded.
The adder misses you.
You hit the adder.
You kill the adder!
No target in view!
No target in view!
No target in view!
No target in view!
There is an open door here.
You open the door.
An adder comes into view.
An adder is nearby!
An adder is nearby!
There is an open door here.
The helpless adder fails to defend itself.
You impale the adder!!
You kill the adder!
No target in view!
No target in view!
No target in view!
No target in view!
No target in view!
No target in view!
There is an open door here.
Found a stone staircase leading down.
A giant cockroach comes into view.
A giant cockroach is nearby!
Found a ring of resist corrosion.
A kobold comes into view. It is wielding a +0 dagger.
The giant cockroach waves its antennae.
The kobold shouts!
The giant cockroach barely misses you.
The giant cockroach completely misses you.
You hit the giant cockroach but do no damage.
The giant cockroach is poisoned.
Your bite misses the giant cockroach.
The giant cockroach bites you but does no damage.
You closely miss the giant cockroach.
The giant cockroach is moderately wounded.
The kobold throws a stone.
The stone completely misses you. The giant cockroach closely misses you.
You hit the giant cockroach but do no damage.
The giant cockroach looks as sick as possible!
The giant cockroach is heavily wounded.
You kill the giant cockroach!
The kobold throws a stone.
The stone hits you but does no damage.
The kobold throws a stone.
The stone hits you but does no damage. The kobold barely misses you.
You hit the kobold.
The kobold is poisoned.
Your bite misses the kobold.
The kobold is severely wounded.
The kobold hits you but does no damage.
You hit the kobold but do no damage.
The kobold looks as sick as possible!
You bite the kobold, but do no damage.
The kobold is severely wounded.
You kill the kobold!
No target in view!
There is a stone staircase leading down here.
n - a +4 ring of slaying You're wearing all the rings you can.
Remove which one? (? for menu, Esc to cancel) < or
f - a ring of magical power; > or
k - a ring of resist corrosion You remove your ring of resist corrosion.
n - a +4 ring of slaying (right hand)
You open the door.
Found 7 stones.
A rat comes into view.
The rat moves out of view.
Found a scroll labelled ORRIUQ HUUMIL.
There is an open door here.
The rat misses you.
You puncture the rat!
You kill the rat!
No target in view!
No target in view!
You now have 146 gold pieces (gained 16).
e - 6 scrolls labelled ORRIUQ HUUMIL (gained 1)
o - a +4 ring of protection
p - a black potion You now have 159 gold pieces (gained 13).
An endoplasm comes into view.
An endoplasm is nearby!
The endoplasm quivers.
The endoplasm seems to slow down.
You hit the endoplasm.
You kill the endoplasm!
No target in view!
You now have 164 gold pieces (gained 5).
Found a robe.
Found a stone staircase leading up.
An orc wizard comes into view. It is wielding a +0 dagger.
Your +1 dagger of venom stops dripping with poison.
a - a +1 sling (weapon)
The orc wizard shouts!
You shoot a sling bullet.
The sling bullet hits the orc wizard but does no damage.
A ball python comes into view.
Casting: Slow (safe; 2% risk of failure)
Confirm with . or Enter, or press ? or * to list all spells.
Aiming: Slow (safe; 2% risk of failure)
Press: ? - help, Shift-Dir - straight line, f/p - orc wizard
Aim: an orc wizard, wielding a +0 dagger and wearing a +0 robe (chance to affect: 59%)
The orc wizard resists with significant effort.
The ball python hisses angrily.
You hear a shout!
An orc comes into view. It is wielding a +0 club.
Casting: Slow (safe; 2% risk of failure)
Confirm with . or Enter, or press ? or * to list all spells.
Aiming: Slow (safe; 2% risk of failure)
Press: ? - help, Shift-Dir - straight line, f/p - orc wizard
Aim: an orc wizard, wielding a +0 dagger and wearing a +0 robe (chance to affect: 59%)
The orc wizard seems to slow down.
You shoot a sling bullet. The sling bullet hits the orc wizard.
The orc wizard is moderately wounded.
You shoot a sling bullet. The sling bullet hits the orc wizard.
The orc wizard is moderately wounded.
You shoot a sling bullet. The sling bullet hits the orc wizard.
The orc wizard is severely wounded.
You hear an angry hiss.
The orc wizard casts a spell at you. The magic dart hits you!
You hear a shout!
Your +1 dagger of venom begins to drip with poison!
b - a +1 dagger of venom (weapon)
An orc, an endoplasm and an adder come into view.
The endoplasm jiggles.
The orc wizard gestures wildly while chanting.
The orc wizard flickers and vanishes for a moment.
The adder moves out of view.
You hit the orc wizard.
You kill the orc wizard!
Your Short Blades skill increases to level 2!
You have reached level 5!
You feel clever.
You closely miss the rat. The rat barely misses you.
You hit the rat.
You kill the rat!
An orc comes into view. It is wielding a +0 short sword.
The orc shouts!
You hit the ball python.
You kill the ball python!
You puncture the orc!
You kill the orc!
You hit the orc.
The orc is poisoned.
The orc is heavily wounded.
The orc hits you with a +0 club.
You hit the orc.
The orc looks as sick as possible!
The orc is heavily wounded.
You kill the orc!
The endoplasm hits you but does no damage.
The adder bites you but does no damage.
Items here: ))) [ †††.
You hit the adder.
The adder is heavily wounded.
The adder bites you but does no damage. The endoplasm hits you.
The adder bites you but does no damage.
You hit the adder.
The adder is poisoned.
The adder is almost dead.
The endoplasm hits you but does no damage.
The adder bites you.
You are too injured to fight recklessly!
You are too injured to fight recklessly!
You are too injured to fight recklessly!
You are too injured to fight recklessly!
You are too injured to fight recklessly!
You are too injured to fight recklessly!
You are too injured to fight recklessly!
You are too injured to fight recklessly!
You are too injured to fight recklessly!
You are too injured to fight recklessly!
You are too injured to fight recklessly!
You are too injured to fight recklessly!
You are too injured to fight recklessly!
You are too injured to fight recklessly!
You are too injured to fight recklessly!
You are too injured to fight recklessly!
Casting: Slow (safe; 2% risk of failure)
Confirm with . or Enter, or press ? or * to list all spells.
Aiming: Slow (safe; 2% risk of failure)
Press: ? - help, Shift-Dir - straight line, f - endoplasm
Aim: an endoplasm (chance to affect: 76%)
The endoplasm barely resists.
The endoplasm freezes you.
You are frozen.
You hit the endoplasm.
The endoplasm is poisoned.
Your bite misses the endoplasm.
The endoplasm is moderately wounded.
The endoplasm hits you but does no damage.
You barely miss the endoplasm.
The endoplasm is moderately wounded.
You kill the adder!
The endoplasm hits you.
You hit the endoplasm.
The endoplasm is heavily wounded.
The endoplasm barely misses you.
You barely miss the endoplasm.
The endoplasm is heavily wounded.
The endoplasm misses you.
You hit the endoplasm.
You kill the endoplasm!
Casting: Slow (safe; 2% risk of failure)
Confirm with . or Enter, or press ? or * to list all spells.
Aiming: Slow (safe; 2% risk of failure)
Press: ? - help, Shift-Dir - straight line, f - orc
Aim: an orc, wielding a +0 short sword and quivering boomerangs (chance to affect: 76%)
The orc seems to slow down.
You completely miss the orc. The orc barely misses you.
You hit the orc.
The orc is poisoned.
The orc is almost dead.
The orc hits you with a +0 short sword.
* * * LOW HITPOINT WARNING * * *
You puncture the orc!
You kill the orc!
You now have 176 gold pieces (gained 12).
Items here: ( )))) [ †††.
Found a stone staircase leading down.
You now have 182 gold pieces (gained 6).
A hobgoblin comes into view. It is wielding a +0 club.
A hobgoblin is nearby!
Your +1 dagger of venom stops dripping with poison.
a - a +1 sling (weapon)
You shoot a sling bullet.
The sling bullet closely misses the hobgoblin.
The hobgoblin shouts!
You shoot a sling bullet. The sling bullet hits the hobgoblin.
The hobgoblin is moderately wounded.
You shoot a sling bullet. The sling bullet hits the hobgoblin.
You kill the hobgoblin!
No target in view!
Your +1 dagger of venom begins to drip with poison!
b - a +1 dagger of venom (weapon)
The orc shouts!
You hear a shout!
An orc is nearby!
The orc seems to slow down.
You hit the orc.
The orc is poisoned.
The orc is moderately wounded.
The orc closely misses you.
You barely miss the orc. Your bite misses the orc.
The orc is severely wounded.
You hit the orc.
You kill the orc!
No target in view!
You see here a +0 club.
A worm comes into view.
A worm is nearby!
A worm is nearby!
A worm is nearby!
The worm struggles to resist.
The worm seems to slow down.
You hit the worm.
The worm is poisoned.
The worm is lightly wounded.
The worm bites you.
You barely miss the worm.
The worm is lightly wounded.
You hit the worm.
The worm looks as sick as possible!
The worm is lightly wounded.
You hit the worm.
The worm looks as sick as possible!
The worm is heavily wounded.
The worm barely misses you.
You puncture the worm!
The worm looks as sick as possible!
The worm is almost dead.
You hit the worm.
The worm looks as sick as possible!
The worm is almost dead.
You barely miss the worm.
The worm is almost dead.
You kill the worm!
No target in view!
You see here a worm corpse.
q - an amulet of faith You enter the shallow water.
Moving in this stuff is going to be slow.
An adder comes into view.
An adder is nearby!
The adder hisses angrily.
You closely miss the adder. The adder bites you but does no damage.
You barely miss the adder. The adder closely misses you.
You miss the adder. The adder bites you but does no damage.
You hit the adder.
The adder is poisoned.
The adder is severely wounded.
The adder bites you but does no damage. x2
You hit the adder.
You kill the adder!
Your Stealth skill increases to level 5!
No target in view!
No target in view!
No target in view!
No target in view!
No target in view!
No target in view!
No target in view!
No target in view!
No target in view!
You see here an adder corpse.
Items here: ( )))) [ ÷÷÷.
Key pressed, stopping explore.
You open the door.
There is an open door here.
There is an open door here.
h - 3 cyan potions (gained 1)
There is an open door here.
Things that are here:
a +0 dagger; a stone
There is a stone staircase leading down here.
Key pressed, stopping explore.
Done exploring.
Done exploring.
Done exploring.
Done exploring.
There is a stone staircase leading up here.
You climb upwards.
Level annotation: Terence Terence shouts!
Found a +0 short sword.
There is a stone staircase leading down here.
Press: ? - help, v - describe, . - travel
Here: Terence, wielding a +1 whip of venom, wearing a +2 chain mail of poison resistance and quivering poisoned darts The floor.
Unknown command.
Unknown command.
Terence throws a poisoned dart.
The poisoned dart closely misses you.
You climb downwards.
There is a stone staircase leading up here.
Done exploring.
Done exploring.
Done exploring.
(D) Dungeon
Where to? (Enter - D:3 @ (x,y), ? - help)
There are monsters nearby!
Unknown command.
Your +1 dagger of venom stops dripping with poison.
a - a +1 sling (weapon)
You shoot a sling bullet. The sling bullet hits the orc.
The orc is severely wounded.
You shoot a sling bullet. The sling bullet hits the orc!
You kill the orc!
You shoot a sling bullet. The sling bullet hits the orc.
The orc is heavily wounded.
You shoot a sling bullet. The sling bullet barely misses the orc.
Your +1 dagger of venom begins to drip with poison!
b - a +1 dagger of venom (weapon)
You hit the orc.
The orc is severely wounded.
The orc hits you with a +0 dagger.
You puncture the orc!
You kill the orc!
No target in view!
No target in view!
HP restored.
m - 2 scrolls labelled HIANIAM GAAMOSUE (gained 1)
Things that are here:
a +0 dagger; a +0 leather armour; an orc corpse Done exploring.
Done exploring.
Done exploring.
Done exploring.
There is a stone staircase leading down here.
You climb downwards.
Found a scroll labelled ORRIUQ HUUMIL, a scimitar and 17 stones.
There is a stone staircase leading up here.
The helpless kobold fails to defend itself.
You impale the kobold!!
You kill the kobold!
A giant cockroach comes into view.
Found 3 scrolls of poison.
Things that are here:
a +0 dagger; 2 stones; a kobold corpse The helpless kobold fails to defend itself.
You impale the kobold!!
You kill the kobold!
Found a stone staircase leading down.
You barely miss the scorpion.
The scorpion stings you but does no damage.
The scorpion closely misses you.
You barely miss the scorpion. The scorpion stings you.
You closely miss the scorpion. Your bite misses the scorpion.
The scorpion stings you but does no damage.
You hit the scorpion.
The scorpion is poisoned.
The scorpion is lightly wounded.
The scorpion stings you.
The giant cockroach completely misses you.
Casting: Slow (safe; 1% risk of failure)
Confirm with . or Enter, or press ? or * to list all spells.
Aiming: Slow (safe; 1% risk of failure)
Press: ? - help, Shift-Dir - straight line, f - giant cockroach
Aim: a giant cockroach (chance to affect: 76%)
The giant cockroach seems to slow down.
The scorpion stings you.
You are poisoned.
The scorpion poisons you!
Casting: Slow (safe; 1% risk of failure)
Confirm with . or Enter, or press ? or * to list all spells.
Aiming: Slow (safe; 1% risk of failure)
Press: ? - help, Shift-Dir - straight line, f - scorpion, p - giant cockroach
Aim: a scorpion (heavily wounded, very poisoned, chance to affect: 61%)
The scorpion seems to slow down.
You feel sick. The giant cockroach closely misses you.
The scorpion barely misses you.
You closely miss the scorpion. Your bite misses the scorpion.
The scorpion is severely wounded.
You feel sick. The giant cockroach misses you. The scorpion barely misses you.
You hit the scorpion.
You kill the scorpion!
You feel sick. The giant cockroach bites you.
You are too injured to fight recklessly!
You are too injured to fight recklessly!
You are too injured to fight recklessly!
You are too injured to fight recklessly!
You barely miss the giant cockroach.
You feel sick.
You closely miss the giant cockroach. The giant cockroach barely misses you.
You barely miss the giant cockroach.
You feel sick.
The giant cockroach bites you but does no damage.
You hit the giant cockroach.
The giant cockroach is poisoned.
The giant cockroach is almost dead.
You feel sick.
You kill the giant cockroach!
You feel sick.
You are no longer poisoned.
You see here a +0 scimitar.
e - 7 scrolls labelled ORRIUQ HUUMIL (gained 1)
There is a stone staircase leading up here.
You start resting.
A ball python comes into view.
You climb upwards.
There is a stone staircase leading down here.
You start resting.
HP restored.
You climb downwards.
There is a stone staircase leading up here.
Your +1 dagger of venom stops dripping with poison.
a - a +1 sling (weapon)
You shoot a sling bullet. The ball python hisses angrily.
The sling bullet hits the ball python.
You kill the ball python!
No target in view!
Your +1 dagger of venom begins to drip with poison!
b - a +1 dagger of venom (weapon)
A quokka comes into view.
A quokka is nearby!
A quokka is nearby!
You barely miss the quokka. The quokka barely misses you.
You barely miss the quokka. The quokka closely misses you.
You closely miss the quokka. The quokka closely misses you.
You hit the quokka but do no damage.
The quokka bites you but does no damage.
You closely miss the quokka. The quokka bites you.
You hit the quokka. You bite the quokka.
You kill the quokka!
No target in view!
No target in view!
HP restored.
A goblin comes into view. It is wielding a +0 rapier.
Your +1 dagger of venom stops dripping with poison.
a - a +1 sling (weapon)
You shoot a sling bullet.
The sling bullet closely misses the goblin.
You shoot a sling bullet. The sling bullet hits the goblin!
You kill the goblin!
A giant cockroach comes into view.
You shoot a sling bullet.
The sling bullet hits the giant cockroach!
You kill the giant cockroach!
No target in view!
Found a stone staircase leading up.
i - 5 scrolls of poison (gained 3)
An orc comes into view. It is wielding a +0 falchion.
Things that are here:
a +0 rapier; 6 gold pieces; a goblin corpse You shoot a sling bullet.
The sling bullet hits the orc.
The orc shouts!
The orc is severely wounded.
You hear a shout!
An orc comes into view. It is wielding a +1 vorpal flail.
You shoot a sling bullet. The sling bullet hits the orc!
You kill the orc!
You shoot a sling bullet. The sling bullet hits the orc.
The orc is moderately wounded.
You shoot a sling bullet. The sling bullet barely misses the orc.
An orc comes into view. It is wielding a +0 short sword.
An orc priest comes into view. It is wielding a +0 short sword.
You shoot a sling bullet. The orc priest shouts!
The sling bullet hits the orc!
You kill the orc!
An orc comes into view. It is wielding a +0 dagger.
The orc priest begins to cast a cantrip, but forgets the words!
A quokka comes into view.
The orc priest calls down the wrath of Beogh upon you.
Beogh smites you!
You hear a shout!
There is a stone staircase leading up here.
You climb upwards.
There is a stone staircase leading down here.
HP restored.
There is a stone staircase leading down here.
You start waiting.
Done waiting.
You climb downwards.
There is a stone staircase leading up here.
The orc shouts!
There is a stone staircase leading up here.
You shoot a sling bullet. The sling bullet hits the orc!
You kill the orc!
Casting: Slow (safe; 1% risk of failure)
Confirm with . or Enter, or press ? or * to list all spells.
Aiming: Slow (safe; 1% risk of failure)
Press: ? - help, Shift-Dir - straight line, f - orc priest
Aim: an orc priest, wielding a +0 short sword and wearing a +0 leather armour (chance to affect: 62%)
The orc priest seems to slow down.
Your +1 dagger of venom begins to drip with poison!
b - a +1 dagger of venom (weapon)
You hit the orc.
The orc is poisoned.
You bite the orc.
You kill the orc!
A kobold comes into view. It is wielding a +0 short sword.
Things that are here:
a +0 short sword; a +0 leather armour The orc priest invokes the aid of Beogh against you.
Beogh smites you!
The kobold shouts!
You hit the orc priest.
The orc priest is poisoned.
The orc priest is lightly wounded.
You hear a shout!
You hit the orc priest.
The orc priest looks as sick as possible!
The orc priest is moderately wounded.
The orc priest misses you.
You hit the orc priest.
The orc priest looks as sick as possible!
Your bite misses the orc priest.
The orc priest is severely wounded.
You hit the orc priest but do no damage.
The orc priest looks as sick as possible!
You bite the orc priest.
You kill the orc priest!
Your Short Blades skill increases to level 3!
Your Hexes skill increases to level 7!
You have reached level 6!
You barely miss the kobold. The kobold closely misses you.
You completely miss the kobold. The kobold misses you.
A hobgoblin comes into view.
You closely miss the kobold. Your punch misses the kobold. You bite the kobold.
You kill the kobold!
Items here: )) [ ††.
You hit the hobgoblin.
You kill the hobgoblin!
No target in view!
No target in view!
Unknown command.
Unknown command.
A quokka is nearby!
A quokka is nearby!
A quokka is nearby!
Your +1 dagger of venom stops dripping with poison.
a - a +1 sling (weapon)
You shoot a sling bullet.
The sling bullet barely misses the quokka.
You shoot a sling bullet. The sling bullet hits the quokka.
You kill the quokka!
No target in view!
Your +1 dagger of venom begins to drip with poison!
b - a +1 dagger of venom (weapon)
HP restored.
You now have 188 gold pieces (gained 6).
Things that are here:
a +0 rapier; a goblin corpse
Things that are here:
a +0 leather armour; a +1 vorpal flail; an orc corpse
There is an open door here.
Things that are here:
a +0 falchion; an orc skeleton
Found a dagger.
You open the door.
There is an open door here.
An orc wizard comes into view. It is wielding a +0 dagger.
Your +1 dagger of venom stops dripping with poison.
a - a +1 sling (weapon)
Fire: a) +1 sling
Press: ? - help, Q - select action, (/) - cycle Shift-Dir - straight line, f - orc wizard
Aim: an orc wizard, wielding a +0 dagger and wearing a +0 robe (asleep, 98% to hit)
You shoot a sling bullet. The sling bullet hits the orc wizard.
The orc wizard shouts!
The orc wizard is moderately wounded.
You hear a shout! x3
An orc comes into view. It is wielding a +0 club.
The orc wizard casts a spell.
The orc wizard flickers and vanishes for a moment.
The orc moves out of view.
An orc comes into view. It is wielding a +0 short sword.
Fire: a) +1 sling
Press: ? - help, Q - select action, (/) - cycle Shift-Dir - straight line, f/p - orc wizard
Aim: an orc wizard, wielding a +0 dagger and wearing a +0 robe (moderately wounded, slightly transparent, 55% to hit)
You shoot a sling bullet. The orc shouts!
The sling bullet hits the orc wizard!
The orc wizard is severely wounded.
An orc wizard comes into view. It is wielding a +0 dagger.
Casting: Slow (safe; 1% risk of failure)
Confirm with . or Enter, or press ? or * to list all spells.
Aiming: Slow (safe; 1% risk of failure)
Press: ? - help, Shift-Dir - straight line, f/p - orc wizard
Aim: an orc wizard, wielding a +0 dagger and wearing a +0 robe (severely wounded, slightly transparent, chance to affect: 62%)
The orc wizard seems to slow down.
An orc priest comes into view. It is wielding a +0 dagger of venom.
The orc wizard gestures wildly while chanting.
The orc wizard flickers and vanishes for a moment.
The orc wizard casts a spell at you. The puff of flame hits you.
Fire: a) +1 sling
Press: ? - help, Q - select action, (/) - cycle Shift-Dir - straight line, f/p - orc wizard
Aim: an orc wizard, wielding a +0 dagger and wearing a +0 robe (severely wounded, slightly transparent, slow, 55% to hit)
You shoot a sling bullet. The sling bullet hits the orc wizard.
The orc wizard is almost dead.
The orc wizard casts a spell at you. You resist with some effort.
Fire: a) +1 sling
Press: ? - help, Q - select action, (/) - cycle Shift-Dir - straight line, f/p - orc wizard
Aim: an orc wizard, wielding a +0 dagger and wearing a +0 robe (almost dead, slightly transparent, slow, 55% to hit)
You shoot a sling bullet.
The sling bullet barely misses the orc wizard.
The sling bullet barely misses the orc wizard.
The sling bullet hits the orc.
The orc is severely wounded.
You hear a shout!
An orc priest comes into view. It is wielding a +0 flail.
The orc priest shouts!
Fire: a) +1 sling
Press: ? - help, Q - select action, (/) - cycle Shift-Dir - straight line, f/p - orc wizard
Aim: an orc wizard, wielding a +0 dagger and wearing a +0 robe (almost dead, slightly transparent, slow, 55% to hit)
You shoot a sling bullet.
The sling bullet closely misses the orc wizard.
The sling bullet hits the orc wizard.
You kill the orc wizard!
The orc priest calls down the wrath of Beogh upon you.
Beogh smites you!
An orc priest comes into view. It is wielding a +0 flail.
You hear a shout!
The orc wizard gestures at you while chanting.
You resist with some effort.
The orc priest looks satisfied for a moment.
The orc wizard points at you and mumbles some strange words.
The magic dart hits you!
* * * LOW HITPOINT WARNING * * *
There is a stone staircase leading up here.
You climb upwards.
There is a stone staircase leading down here.
You start resting.
HP restored.
Unknown command.
There is a stone staircase leading down here.
You climb downwards.
There is a stone staircase leading up here.
There is a stone staircase leading down here.
You climb downwards.
Found a scroll labelled ORRIUQ HUUMIL.
There is a stone staircase leading up here.
e - 8 scrolls labelled ORRIUQ HUUMIL (gained 1)
Found a leather armour.
Found 5 large rocks.
Found a plate armour.
Found a dagger.
Found a robe.
An iguana and a centaur come into view.
The iguana hisses angrily.
Casting: Slow (safe; 1% risk of failure)
Confirm with . or Enter, or press ? or * to list all spells.
Aiming: Slow (safe; 1% risk of failure)
Press: ? - help, Shift-Dir - straight line, f - iguana
Aim: an iguana (chance to affect: 71%)
The iguana seems to slow down.
Fire: a) +1 sling
Press: ? - help, Q - select action, (/) - cycle Shift-Dir - straight line, f/p - iguana
Aim: an iguana (slow, 65% to hit)
You shoot a sling bullet. The sling bullet hits the iguana!
The iguana is heavily wounded.
Fire: a) +1 sling
Press: ? - help, Q - select action, (/) - cycle Shift-Dir - straight line, f/p - iguana
Aim: an iguana (heavily wounded, slow, 65% to hit)
You shoot a sling bullet.
The sling bullet barely misses the iguana.
Fire: a) +1 sling
Press: ? - help, Q - select action, (/) - cycle Shift-Dir - straight line, f/p - iguana
Aim: an iguana (heavily wounded, slow, 65% to hit)
You shoot a sling bullet. The sling bullet hits the iguana.
The iguana is almost dead.
Fire: a) +1 sling
Press: ? - help, Q - select action, (/) - cycle Shift-Dir - straight line, f/p - iguana
Aim: an iguana (almost dead, slow, 65% to hit)
You shoot a sling bullet. The sling bullet hits the iguana.
You kill the iguana!
Your Stealth skill increases to level 6!
An adder comes into view.
Fire: a) +1 sling
Press: ? - help, Q - select action, (/) - cycle Shift-Dir - straight line, f - adder
Aim: an adder (asleep, 98% to hit)
You shoot a sling bullet. The sling bullet hits the adder.
The adder hisses angrily.
The adder is moderately wounded.
Fire: a) +1 sling
Press: ? - help, Q - select action, (/) - cycle Shift-Dir - straight line, f/p - adder
Aim: an adder (moderately wounded, 44% to hit)
You shoot a sling bullet.
The sling bullet completely misses the adder.
Fire: a) +1 sling
Press: ? - help, Q - select action, (/) - cycle Shift-Dir - straight line, f/p - adder
Aim: an adder (moderately wounded, 44% to hit)
You shoot a sling bullet.
The sling bullet barely misses the adder.
The adder bites you.
Casting: Slow (safe; 1% risk of failure)
Confirm with . or Enter, or press ? or * to list all spells.
Aiming: Slow (safe; 1% risk of failure)
Press: ? - help, Shift-Dir - straight line, f/p - adder
Aim: an adder (moderately wounded, chance to affect: 72%)
The adder seems to slow down.
The adder bites you.
Your +1 dagger of venom begins to drip with poison!
b - a +1 dagger of venom (weapon)
The adder closely misses you.
You closely miss the adder.
The adder is moderately wounded.
The adder barely misses you.
You closely miss the adder.
The adder is moderately wounded.
The adder bites you.
You barely miss the adder. You bite the adder.
The adder is severely wounded.
You hit the adder.
You kill the adder!
No target in view!
No target in view!
Your +1 dagger of venom stops dripping with poison.
a - a +1 sling (weapon)
Magic restored.
HP restored.
You see here an adder corpse.
r - 2 fizzy sapphire potions You now have 201 gold pieces (gained 13).
A water moccasin comes into view.
You now have 208 gold pieces (gained 7).
This spell is quite dangerous to cast!
Memorise Cause Fear, consuming 4 spell levels and leaving 2?
You start memorising the spell.
You continue memorising. x4
You finish memorising.
Spell assigned to 'b'.
Okay, then.
Okay, then.
You see here an adder corpse.
Your +1 dagger of venom begins to drip with poison!
b - a +1 dagger of venom (weapon)
Really walk into a travel-excluded area?
Really walk into a travel-excluded area?
Okay, then.
Really walk into a travel-excluded area?
The centaur shouts!
The centaur wields a +0 shortbow.
The centaur shoots an arrow.
The arrow hits you!
No reachable target in view!
The centaur unwields a +0 shortbow.
The centaur barely misses you. The centaur closely misses you.
Casting: Slow (safe; 1% risk of failure)
Confirm with . or Enter, or press ? or * to list all spells.
Aiming: Slow (safe; 1% risk of failure)
Press: ? - help, Shift-Dir - straight line, f - centaur
Aim: a centaur (chance to affect: 64%)
The centaur struggles to resist.
The centaur completely misses you. The centaur kicks you. The centaur hits you.
The centaur closely misses you.
Casting: Slow (safe; 1% risk of failure)
Confirm with . or Enter, or press ? or * to list all spells.
Aiming: Slow (safe; 1% risk of failure)
Press: ? - help, Shift-Dir - straight line, f/p - centaur
Aim: a centaur (chance to affect: 64%)
The centaur seems to slow down.
The centaur hits you. The centaur completely misses you.
You hit the centaur. You bite the centaur.
The centaur is heavily wounded.
The centaur barely misses you.
The centaur kicks you but does no damage.
You hit the centaur.
The centaur is poisoned.
The centaur is severely wounded.
You closely miss the centaur.
The centaur is almost dead.
The centaur barely misses you. The centaur kicks you.
You closely miss the centaur.
The centaur is almost dead.
The centaur completely misses you. The centaur closely misses you.
You puncture the centaur!
You kill the centaur!
You start resting.
Magic restored.
You start resting.
HP restored.
s - a fizzy cyan potion
Found a stone staircase leading down.
A water moccasin is nearby!
There is a stone staircase leading up here.
You climb upwards.
There is a stone staircase leading down here.
You open the door.
There is an open door here.
Found a long sword.
A phantom comes into view.
Casting: Slow (safe; 1% risk of failure)
Confirm with . or Enter, or press ? or * to list all spells.
Aiming: Slow (safe; 1% risk of failure)
Press: ? - help, Shift-Dir - straight line, f - phantom
Aim: a phantom (chance to affect: 47%)
The phantom seems to slow down.
You hit the phantom. Your bite misses the phantom.
The phantom is lightly damaged.
The phantom closely misses you.
You hit the phantom. Your bite misses the phantom.
The phantom is lightly damaged.
You hit the phantom.
The phantom is lightly damaged.
The phantom closely misses you.
You hit the phantom but do no damage.
The phantom is lightly damaged.
You hit the phantom.
The phantom is moderately damaged.
The phantom barely misses you.
You hit the phantom.
The phantom is moderately damaged.
The phantom hits you.
The phantom blinks!
You blink.
You hit the phantom.
The phantom is moderately damaged.
You hit the phantom.
The phantom is heavily damaged.
The phantom completely misses you.
You hit the phantom.
The phantom is heavily damaged.
You hit the phantom.
The phantom is severely damaged.
The phantom misses you.
You puncture the phantom!
The phantom is almost destroyed.
The phantom hits you.
You hit the phantom.
You destroy the phantom!
HP restored.
Found a hazy altar of Hepliaklqana.
Okay, then.
Okay, then.
Okay, then.
Unknown command.
You see here a +0 long sword.
You now have 216 gold pieces (gained 8).
You open the door.
An endoplasm and a hobgoblin come into view.
The endoplasm quivers.
There is an open door here.
Your +1 dagger of venom stops dripping with poison.
a - a +1 sling (weapon)
You shoot a sling bullet. The sling bullet hits the endoplasm.
The endoplasm is severely wounded.
You shoot a sling bullet. The sling bullet hits the endoplasm!
You kill the endoplasm!
There is an open door here.
You shoot a sling bullet. The sling bullet hits the hobgoblin!
You kill the hobgoblin!
There is an open door here.
You shoot a sling bullet. The orc priest shouts!
The sling bullet hits the orc priest.
The orc priest is lightly wounded.
You hear a shout!
The orc priest calls upon Beogh to heal something.
You hear a shout! x2
The orc priest calls down the wrath of Beogh upon you.
Beogh smites you!
The orc priest mumbles some strange prayers to Beogh against you.
Pain shoots through your body!
* * * LOW HITPOINT WARNING * * *
The orc priest looks satisfied for a moment.
The orc priest calls down the wrath of Beogh upon you.
Beogh smites you!
* * * LOW HITPOINT WARNING * * *
There is an open door here.
Okay, then.
Okay, then.
As you read the scroll labelled BOEKESE YHUO, it crumbles to dust.
It is a scroll of enchant weapon.
Your +1 dagger of venom glows red for a moment.
As you read the scroll labelled WUHEAP LEQES, it crumbles to dust.
Your body is wracked with pain!
* * * LOW HITPOINT WARNING * * *
It was a scroll of torment.
As you read the scroll labelled HIANIAM GAAMOSUE, it crumbles to dust.
You assume a fearsome visage.
Nothing appears to happen.
It was a scroll of fear.
Okay, then.
The orc priest calls down the wrath of Beogh upon you.
Pain shoots through your body!
* * * LOW HITPOINT WARNING * * *
As you read the scroll of fear, it crumbles to dust.
You assume a fearsome visage.
The orc priest looks frightened! x2
Okay, then.
Blink to where?
Press: ? - help, Dir - move target, p - orc priest
As you read the scroll labelled INOLIE ZERUSI, it crumbles to dust.
It was a scroll of blinking.
Okay, then.
It was a potion of flight.
You feel very buoyant.
You fly up into the air.
It was a potion of curing.
You feel better.
The orc shouts!
The orc hits you with a +0 short sword.
* * * LOW HITPOINT WARNING * * *
Your +2 dagger of venom begins to drip with poison!
b - a +2 dagger of venom (weapon)
You hit the orc.
The orc is almost dead.
The orc hits you but does no damage.
You hit the orc.
You kill the orc!
You puncture the orc!
You kill the orc!
Items here: ( )) [ ††.
An orc comes into view. It is wielding a +0 club.
The orc wizard shouts!
You hear a shout!
The orc wizard casts a spell at you. You resist with some effort.
You closely miss the orc.
The orc shouts!
The orc hits you but does no damage. The orc wizard casts a spell at you.
You are confused.
The orc barely misses you. The orc wizard casts a spell at you.
You resist with some effort. The orc hits you with a +0 club.
* * * LOW HITPOINT WARNING * * *
The orc priest looks encouraged for a moment.
The orc attacks as you move away! The orc hits you with a +0 club.
* * * LOW HITPOINT WARNING * * *
It was a potion of mutation.
You feel extremely strange.
Large bone plates grow over parts of your arms.
You feel clumsy.
Your thoughts seem clearer.
The orc hits you with a +0 club.
* * * LOW HITPOINT WARNING * * *
It was a potion of degeneration.
There was something very wrong with that liquid.
You feel weakened.
You feel dopey.
You feel clumsy.
The orc wizard casts a spell.
The orc wizard flickers and vanishes for a moment.
The orc barely misses you.
It was a potion of might.
You feel very mighty all of a sudden. The orc hits you but does no damage.
The orc priest calls down the wrath of Beogh upon you.
Pain shoots through your body!
You die...

.##################...
#######.##.........).....'.o.
#####.......##.###############...
............##.############ #...
...........###.#..........# ##...
...........o...#.########.# #....
..........#o).............# #....
.###.##.........o.........# #...†
.# #.##.........@.........# #....
.# #.##........##########.# #....
.# #.##........# #.# ##### ..
..##........# #.#
########.####### #######.#######
................ ...............
#####+##)####### #.#########....
#..........# #......
###..........# #.#....


You could see an orc priest, an orc wizard (invisible) and an orc.

Vanquished Creatures
  A centaur (D:5)
  A phantom (D:4)
  A scorpion (D:4)
  An orc priest (D:4)
  An iguana (D:5)
  2 orc wizards
  9 adders
  A worm (D:3)
  A dart slug (D:3)
  12 orcs
  14 ball pythons
  7 endoplasms
  19 giant cockroaches
  3 goblins
  4 hobgoblins
  4 jackals (D:1)
  4 quokkas
  5 bats
  2 frilled lizards
  4 kobolds
  7 rats
103 creatures vanquished.

Notes
Turn   | Place    | Note
-------+----------+-------------------------------------------
     0 | D:1      | sleeves the Vampire Arcane Marksman began the quest for the
                  | Orb.
     0 | D:1      | Reached XP level 1. HP: 14/14 MP: 2/2
   189 | D:1      | Reached skill level 1 in Stealth
   535 | D:1      | Reached XP level 2. HP: 16/20 MP: 1/3
   573 | D:1      | Reached skill level 2 in Stealth
   622 | D:1      | Reached skill level 5 in Hexes
   692 | D:1      | Found Fajool's Assorted Antiques.
  1113 | D:2      | Noticed Terence
  1281 | D:2      | Found a faded altar of an unknown god.
  1294 | D:2      | Reached skill level 3 in Stealth
  1294 | D:2      | Gained mutation: You are afflicted with vampirism and can
                  | become a bat while bloodless. [Vampire growth]
  1294 | D:2      | Reached XP level 3. HP: 25/25 MP: 4/4
  1625 | D:2      | HP: 12/25 [constriction (2)]
  1880 | D:3      | Reached skill level 1 in Short Blades
  1880 | D:3      | Reached XP level 4. HP: 31/31 MP: 5/5
  1932 | D:3      | Reached skill level 4 in Stealth
  1938 | D:3      | Reached skill level 6 in Hexes
  2246 | D:3      | Reached skill level 2 in Short Blades
  2246 | D:3      | Reached XP level 5. HP: 26/36 MP: 6/6
  2264 | D:3      | HP: 18/36 [orc/+0 short sword (3)]
  2561 | D:3      | Reached skill level 5 in Stealth
  3117 | D:4      | Reached skill level 3 in Short Blades
  3117 | D:4      | Reached skill level 7 in Hexes
  3117 | D:4      | Reached XP level 6. HP: 34/42 MP: 7/7
  3194 | D:4      | HP: 18/42 [orc wizard/magic dart (8)]
  3325 | D:5      | Entered Level 5 of the Dungeon
  3425 | D:5      | Reached skill level 6 in Stealth
  3469 | D:5      | Noticed a water moccasin
  3538 | D:5      | Learned a level 4 spell: Cause Fear
  3793 | D:4      | Found a hazy altar of Hepliaklqana.
  3932 | D:4      | HP: 21/42 [orc priest/nerve-wracking pain (12)]
  3934 | D:4      | HP: 6/42 [orc priest/divine providence (16)]
  3939 | D:4      | HP: 5/42 [/a scroll of torment (2)]
  3945 | D:4      | HP: 6/42 [orc/+0 short sword (4)]
  3965 | D:4      | HP: 11/42 [orc/+0 club (2)]
  3967 | D:4      | Gained mutation: You are partially covered in large bone
                  | plates. (SH +4) [potion of mutation]
  3967 | D:4      | Gained mutation: You are clumsy. (Dex -2) [potion of
                  | mutation]
  3967 | D:4      | Gained mutation: You possess an exceptional clarity of
                  | mind. [potion of mutation]
  3967 | D:4      | HP: 2/42 [orc/+0 club (5)]
  3969 | D:4      | Killed from afar by an orc priest

Illustrated notes

Levels and vault maps discovered:
D:1:      dpeg_arrival_connections, layout_basic, serial_shops,
          nicolae_shop_crystal, serial_curves, eino_curves_04, eino_curves_02,
          chequers_serial_rivers_small_b, serial_bayou_pond_c
D:2:      minmay_roachtagon, layout_basic, basic_ecumenical_altar,
          nicolae_figureground_pulse, uniq_terence
D:3:      layout_basic, chequers_serial_rivers_micro_a, minmay_snake_closets
D:4:      layout_basic, nicolae_hepliaklqana_hippocampus, fedhas_altar_2,
          minmay_temple_entry_poolview, serial_shops, shop
D:5:      kennysheep_windowed_halls, layout_layer_cave

Skill      XL: |  1  2  3  4  5  6 |
---------------+-------------------+-----
Stealth        | 1 3 4 5 6 |  6.7
Hexes          | 5 6 7 |  7.8
Short Blades   | 1 2 3 |  3.8
Fighting       | |  0.8
Ranged Weapons | |  1.5
Dodging        | |  2.1
Spellcasting   | |  1.0

Action                   |  1- 3 |  4- 6 || total
-------------------------+-------+-------++-------
Melee: Dagger            |    18 |   122 ||   140
       Bite              |     3 |     9 ||    12
 Fire: Sling             |   177 |    39 ||   216
 Cast: Slow              |    29 |    17 ||    46
  Use: Scroll            |       |     5 ||     5
       Potion            |       |     5 ||     5
 Stab: Sleeping          |     1 |     4 ||     5
Armor: Robe              |    13 |       ||    13
       Leather armour    |    18 |    29 ||    47
Dodge: Dodged            |    90 |    62 ||   152
